 Dungeon Crawl Stone Soup version 0.22-a0-538-g76cc104 (webtiles) character file.

558984 emperorscorpion the Archmage (level 25, -9/102 HPs)
             Began as a Deep Elf Earth Elementalist on June 23, 2018.
             Was the Champion of Ashenzari.
             Killed by divine providence
             ... invoked by a smoke demon
              (15 damage)
             ... in Pandemonium.
             The game lasted 04:01:20 (75187 turns).

emperorscorpion the Archmage (DEEE)                Turns: 75187, Time: 04:01:21

Health: -9/102     AC: 15    Str: 14      XL:     25   Next: 28%
Magic:  18/56      EV: 28    Int: 40      God:    Ashenzari [******]
Gold:   1748       SH: 20    Dex: 22 (24) Spells: 36/78 levels left

rFire    . . .     SeeInvis +   Q - staff of earth
rCold    + . .     Gourm    .   Y - +3 shield {reflect} (curse)
rNeg     . . .     Faith    .   o - +4 robe of Augmentation {Str+4 Int+4 Dex+4} (curse)
rPois    .         Spirit   .   z - +2 hat (curse)
rElec    +         Reflect  +   U - +2 cloak {rC+} (curse)
rCorr    .         Harm     .   g - +1 pair of gloves (curse)
MR       ++++.     Clarity  +   k - +0 pair of boots of Xathilyl {Str+5 Stlth+} (curse)
Stlth    ++++++....             n - amulet "Abutwuca" {Reflect MR++ SH+3} (curse)
HPRegen  1.67/turn              f - +5 ring of dexterity (curse)
MPRegen  0.35/turn              A - +3 ring of intelligence (curse)

@: very slightly contaminated, regenerating (expiring), studying Armour
A: frail 2, regeneration 1, electricity resistance
}: 3/15 runes: serpentine, barnacled, silver
a: Curse Item, Scrying, Transfer Knowledge, Renounce Religion


You were in Pandemonium.
You worshipped Ashenzari.
Ashenzari was exalted by your worship.
You were not hungry.

You visited 8 branches of the dungeon, and saw 41 of its levels.
You visited Pandemonium 1 time, and saw 4 of its levels.
You also visited: Ice Cave.

You collected 5559 gold pieces.
You spent 3811 gold pieces at shops.

Inventory:

Hand Weapons
 w - the +7 sceptre of Torment
   (You found it on level 2 of the Depths)
Missiles
 b - 1382 stones (quivered)
 J - 4 throwing nets
Armour
 g - a cursed +1 pair of gloves (worn)
 k - the cursed +0 pair of boots of Xathilyl (worn) {Str+5 Stlth+}
   (You found it on level 3 of the Elven Halls)

   It affects your strength (+5).
   It makes you more stealthy.
   It has a curse placed upon it.
 o - the cursed +4 robe of Augmentation (worn) {Str+4 Int+4 Dex+4}
   (You bought it in a shop on level 3 of the Elven Halls)

   It affects your strength (+4).
   It affects your intelligence (+4).
   It affects your dexterity (+4).
   It has a curse placed upon it.
 z - a cursed +2 hat (worn)
 U - a cursed +2 cloak of cold resistance (worn)
 Y - a cursed +3 shield of reflection (worn)
Magical Staves
 H - an uncursed staff of wizardry
 Q - an uncursed staff of earth (weapon)
Jewellery
 f - a cursed +5 ring of dexterity (left hand)
 n - the cursed amulet "Abutwuca" (around neck) {Reflect MR++ SH+3}
   (You bought it in a shop on level 2 of the Orcish Mines)

   [amulet of reflection]

   It shields you and reflects attacks.
   It affects your resistance to hostile enchantments.
   It affects your SH (+3).
   It has a curse placed upon it.
 A - a cursed +3 ring of intelligence (right hand)
 F - the ring "Xywioxaumn" {-Tele rC+ Int+7}
   (You found it on level 9 of the Dungeon)

   [ring of protection from cold]

   It affects your intelligence (+7).
   It protects you from cold.
   It prevents most forms of teleportation.
 O - the amulet "Usugah" {Inacc rPois}
   (You found it on level 2 of the Depths)

   [amulet of inaccuracy]

   It reduces the accuracy of all your attacks.
   It protects you from poison.
 S - an uncursed amulet of faith
 T - the macabre finger necklace {rN+}
   (You took it off a deep elf master archer on level 3 of the Elven Halls)

   [amulet of nothing]

   It protects you from negative energy.
 Z - a +6 ring of intelligence
Wands
 r - a wand of disintegration (31)
 C - a wand of iceblast (21)
 L - a wand of acid (20)
 R - a wand of digging (33)
Scrolls
 a - 2 scrolls of holy word
 m - 10 scrolls of teleportation
 p - 27 scrolls of identify
 s - 8 scrolls of magic mapping
 y - 3 scrolls of fear
 B - 9 scrolls of immolation
 E - a scroll of fog
 V - 9 scrolls of remove curse
Potions
 e - 12 potions of haste
 i - a potion of magic
 j - 4 potions of cancellation
 l - 2 potions of agility
 t - 8 potions of flight
 u - 2 potions of heal wounds
 G - 4 potions of invisibility
 K - 6 potions of resistance
 W - 4 potions of brilliance
 X - 8 potions of curing
Books
 P - a manual of Armour
Miscellaneous
 c - a lamp of fire
 h - 3 sacks of spiders
 q - a phial of floods
 v - 3 phantom mirrors
 x - a lightning rod (4/4)
 M - 2 boxes of beasts
Comestibles
 d - 51 rations


   Skills:
 + Level 5.0 Fighting
   Level 4.6(4.7) Short Blades
   Level 1.1(2.9) Long Blades
 + Level 6.6 Staves
 * Level 6.6 Armour
 + Level 12.5(16.6) Dodging
 - Level 7.7(12.2) Stealth
 - Level 12.3(15.0) Shields
 O Level 27 Spellcasting
 + Level 14.3(18.3) Conjurations
 + Level 8.3(12.7) Charms
 * Level 19.9(23.4) Necromancy
 + Level 1.8(5.0) Translocations
 * Level 7.3(11.8) Transmutations
 - Level 24.7(27) Earth Magic
 + Level 6.9(11.4) Evocations


You had 36 spell levels left.
You knew the following spells:

 Your Spells              Type           Power        Failure   Level  Hunger
a - Sandblast             Erth           ######       0%          1    None
b - Stone Arrow           Conj/Erth      ######       0%          3    None
c - Passwall              Tmut/Erth      ########     0%          2    None
d - Lee's Rapid Deconstr  Erth           #########.   0%          5    None
e - Iron Shot             Conj/Erth      #########.   0%          6    None
f - Shatter               Erth           #########.   1%          9    None
n - Necromutation         Tmut/Necr      ########..   1%          8    None
r - Regeneration          Chrm/Necr      ########..   0%          3    None
s - Sublimation of Blood  Necr           ########..   0%          2    None
A - Animate Skeleton      Necr           N/A          0%          1    None
B - Blink                 Tloc           N/A          1%          2    None

Your spell library contained the following spells:

 Spells                   Type           Power        Failure   Level  Hunger
 Cause Fear               Hex            ######....   2%          4    None
 Magic Dart               Conj           ####         0%          1    None
 Fireball                 Conj/Fire      #######...   1%          5    None
 Apportation              Tloc           ######       1%          1    None
 Conjure Flame            Conj/Fire      #######.     1%          3    None
 Bolt of Fire             Conj/Fire      #######...   1%          6    None
 Bolt of Cold             Conj/Ice       #######...   1%          6    None
 Lightning Bolt           Conj/Air       #######...   1%          5    None
 Bolt of Magma            Conj/Fire/Erth ########..   0%          5    None
 Confuse                  Hex            ######..     1%          3    None
 Invisibility             Hex            ######..     34%         6    None
 Throw Flame              Conj/Fire      ######       0%          2    None
 Freezing Cloud           Conj/Ice/Air   #######...   3%          6    None
 Mephitic Cloud           Conj/Pois/Air  #######.     1%          3    None
 Teleport Other           Tloc           #######.     1%          3    None
 Death's Door             Chrm/Necr      ########..   1%          8    None
 Summon Small Mammal      Summ           ####         1%          1    None
 Bolt of Draining         Conj/Necr      ########..   0%          5    None
 Iskenderun's Mystic Bla  Conj           ########     0%          4    None
 Haunt                    Necr/Summ      ########..   1%          7    None
 Borgnjor's Revivificati  Necr           ########..   1%          8    None
 Freeze                   Ice            ####         1%          1    None
 Sticky Flame             Conj/Fire      #######.     1%          4    None
 Summon Ice Beast         Ice/Summ       ######..     2%          4    None
 Dispel Undead            Necr           ########     0%          5    None
 Sting                    Conj/Pois      ####         0%          1    None
 Tukima's Dance           Hex            ######..     1%          3    None
 Corpse Rot               Necr           N/A          0%          2    None
 Swiftness                Chrm/Air       #######.     1%          2    None
 Recall                   Summ/Tloc      N/A          1%          3    None
 Agony                    Necr           ########     0%          5    None
 Spider Form              Tmut/Pois      #######...   1%          3    None
 Blade Hands              Tmut           #######...   1%          5    None
 Statue Form              Tmut/Erth      ########.    0%          6    None
 Ice Form                 Ice/Tmut       #######.     1%          4    None
 Dragon Form              Tmut           #######...   1%          7    None
 Death Channel            Necr           ########..   0%          6    None
 Confusing Touch          Hex            ######       1%          1    None
 Flame Tongue             Conj/Fire      #####        0%          1    None
 Sticks to Snakes         Tmut           #######.     0%          2    None
 Ensorcelled Hibernation  Hex/Ice        ######       1%          2    None
 Metabolic Englaciation   Hex/Ice        ######....   6%          5    None
 Corona                   Hex            ######.      1%          1    None
 Alistair's Intoxication  Tmut/Pois      #######.     1%          5    None
 Excruciating Wounds      Chrm/Necr      ########..   0%          5    None
 Petrify                  Tmut/Erth      ########     0%          4    None
 Passage of Golubria      Tloc           N/A          1%          4    None
 Orb of Destruction       Conj           ########..   1%          7    None
 Leda's Liquefaction      Hex/Erth       ########..   0%          4    None
 Shroud of Golubria       Chrm/Tloc      #######...   0%          2    None
 Inner Flame              Hex/Fire       ######..     1%          3    None
 Beastly Appendage        Tmut           ######       0%          1    None
 Iskenderun's Battlesphe  Conj/Chrm      ########     0%          5    None
 Fulminant Prism          Conj/Hex       #######...   1%          4    None
 Dazzling Spray           Conj/Hex       ######       1%          3    None
 Force Lance              Conj/Tloc      #######.     1%          4    None
 Infusion                 Chrm           ####         0%          1    None
 Song of Slaying          Chrm           ########     0%          2    None
 Spectral Weapon          Hex/Chrm       #######.     1%          3    None
 Searing Ray              Conj           ######       0%          2    None
 Dragon's Call            Summ           ######....   100%        9    None
 Hydra Form               Tmut           #######...   1%          6    None
 Irradiate                Conj/Tmut      ########..   1%          5    None
 Gell's Gravitas          Tloc           #######...   1%          3    None
 Yara's Violent Unravell  Hex/Tmut       #######...   1%          5    None
 Infestation              Necr           ########..   1%          8    None
 Lesser Beckoning         Tloc           #######...   1%          3    None
 Ignition                 Fire           ######....   100%        8    None


Dungeon Overview and Level Annotations

Branches:
Dungeon (15/15)            Temple (0/1) D:7            Lair (5/6) D:11
 Shoals (4/4) Lair:4        Snake (4/4) Lair:2          Orc (2/2) D:12
    Elf (3/3) Orc:2        Vaults (5/5) D:14         Depths (3/5) D:15
  Slime: Lair:5-6     Crypt: Vaults:2-3

Altars:
Ashenzari
Cheibriados
Elyvilon
Fedhas
Hepliaklqana
Kikubaaqudgha
Okawaru
Ru
Sif Muna
Trog
Uskayaw
Vehumet
Xom
Yredelemnul
Zin
The Shining One
Beogh
Jiyva

Shops:
D:8 (   D:9 ((:%   Orc:2 =(*[!   Elf:2 !   Elf:3 [   Vaults:1 :
Vaults:2 ?[(([   Vaults:5 :}}(

Portals:
Hell: Depths:1 Depths:2
Pandemonium: Depths:3
Trove: D:10 (give +2 ice dragon scales)

Annotations:
D:8 Gildeon's ghost, novice GnFi
Elf:2 5 runed doors
Depths:2 1 runed door


Innate Abilities, Weirdness & Mutations

You are very frail. (-20% HP)
Your natural rate of healing is unusually fast.
You are resistant to electric shocks. (rElec)


Message History

Your body is wracked with pain!
* * * LOW HITPOINT WARNING * * *
The smoke demon gestures at you.
The ball of steam hits the smoke demon.
The smoke demon resists.
The ball of steam misses you.
Feunisau bursts into living lightning!
The living lightning hits you! You resist.
* * * LOW HITPOINT WARNING * * *
Feunisau blinks! x2; You block the smoke demon's attack.
The smoke demon closely misses you. You block the smoke demon's attack.
Blink to where?
Press: ? - help, Dir - move target cursor You are very lightly contaminated with residual magic.
As you read the scroll of blinking, it crumbles to dust.
Your skin is crawling a little less now.
A tormentor comes into view.
Found an uncursed longbow.
The smoke demon gestures at you. Something smites you!
You die...

...................######
,,* ..(......)........}#
,,, * *,
.............2......., ,{
,**
...........2..######## **
** ...........3.## * {***
, * .......§.§.)$.##
####.., ** ,***
######..§3.##..###..... *
*, , #.§§§.2.../...# **,
* ,, ,* #§..§&.....@..#*
, * ,** #......§*....)# ,
,* * ,* *
**#....§§........#∆, * ,,
#.#$..§...........2. *
*,,,, *
*#....§.............#,
,,,,, ,
##...§.....%........*,*
,,,,*
##................#.#* *
#......#............. **
, ** ###...§#######,,,*,
* ,,,**


You could see Feunisau, a green death, 2 smoke demons and 2 tormentors.

Vanquished Creatures
  2 ancient liches (Vaults:5)
  2 pandemonium lords (Pan)
  Mara (Snake:4)
  2 juggernauts (Depths:2)
  Boris (Vaults:2)
  Bai Suzhen (Snake:4)
  Vashnia (Snake:3)
  Saint Roka (Snake:4)
  A golden dragon (Vaults:5)
  Nikola (Shoals:1)
  Jorgrun (Vaults:2)
  A Tzitzimitl (Pan)
  An Ice Fiend (Pan)
  5 tentacled monstrosities
  3 Hell Sentinels (Pan)
  Asterion (Vaults:2)
  3 titans
  5 liches (Depths:2)
  A quicksilver dragon (Depths:2)
  2 deep elf master archers (Elf:3)
  2 deep elf blademasters (Elf:3)
  Polyphemus (Shoals:4)
  5 shadow dragons (Vaults:5)
  Kirke (Snake:4)
  Donald (Shoals:3)
  The ghost of Vovvidgh the Severer, an adept MiBe of Trog (Snake:1)
  A sphinx (shapeshifter) (Vaults:2)
  5 tengu reavers
  3 storm dragons
  2 sphinxes
  Ilsuiw (Shoals:4)
  Roxanne (Shoals:3)
  9 nagarajas
  12 fire giants
  15 frost giants
  An iron dragon (shapeshifter) (Elf:2)
  4 orc warlords
  Aizul (Snake:1)
  9 deep elf sorcerers
  14 vault wardens
  2 iron dragons (Vaults:5)
  2 deep elf elementalists
  Louise (Depths:3)
  A balrug (Pan)
  An angel (Elf:2)
  6 cacodemons (Pan)
  12 very ugly things
  A blood saint (Pan)
  2 war gargoyles
  5 vampire knights
  9 ironheart preservers
  Nessos (D:15)
  2 entropy weavers
  A spriggan defender (Depths:2)
  6 deep elf demonologists
  29 stone giants
  3 deep elf annihilators (Elf:3)
  A black sun (Pan)
  A lorocyproca (Pan)
  5 spark wasps
  2 blizzard demons (Pan)
  A spark wasp (shapeshifter) (Depths:2)
  15 deep elf death magi
  The ghost of Ovyrhiod the Severer, a journeyman DDFi of Makhleb (Lair:3)
  13 ettins
  6 merfolk javelineers
  A crystal guardian (D:15)
  An ettin (shapeshifter) (D:15)
  10 merfolk impalers
  9 great orbs of eyes
  8 fire dragons
  8 yaktaur captains
  8 deep elf high priests
  Fannar (Lair:2)
  A monstrous demonspawn (Pan)
  5 rakshasas
  28 vault guards (Vaults:5)
  22 naga warriors
  7 hydras
  5 spriggan air magi
  2 merfolk avatars
  11 ice dragons
  9 anacondas
  18 ogre magi
  An alligator snapping turtle (Shoals:2)
  7 centaur warriors
  A catoblepas (Shoals:4)
  15 dancing weapons
  A death knight (Vaults:2)
  5 merfolk aquamancers
  28 two-headed ogres
  3 death yaks (Shoals:4)
  A satyr (Shoals:3)
  An alligator (Lair:4)
  4 deep troll earth magi
  9 deep troll shamans
  8 orc high priests
  A satyr (shapeshifter) (Vaults:5)
  A queen ant (Lair:2)
  3 tengu warriors
  2 vampire magi (Depths:2)
  4 spriggan berserkers (Depths:2)
  21 naga sharpshooters
  Urug (D:10)
  2 hell knights
  13 deep elf knights
  A soul eater (Pan)
  10 shock serpents
  Nergalle (Lair:2)
  4 sun demons (Pan)
  Sonja (Lair:4)
  8 sixfirhies (Pan)
  An iron troll (shapeshifter) (Vaults:5)
  A skeletal warrior (D:9)
  6 salamander mystics
  5 flayed ghosts
  2 unseen horrors
  16 sea snakes
  5 glowing orange brains
  8 deep trolls
  25 deep elf archers
  A deep troll (shapeshifter) (Depths:2)
  6 phantasmal warriors
  13 ironbrand convokers
  2 harpies (shapeshifter)
  17 harpies
  2 torturous demonspawn (Pan)
  Pikel (D:7)
  15 naga ritualists
  An orange crystal statue (Elf:2)
  5 necromancers
  6 wizards
  30 ugly things
  64 deep elf magi
  2 wolf spiders (shapeshifter)
  A wolf spider zombie (D:15)
  11 orc sorcerers
  15 orc knights
  19 mana vipers
  6 wolf spiders
  18 fauns
  15 manticores
  9 salamanders
  A moth of wrath (shapeshifter) (D:15)
  48 black mambas
  2 ice statues (IceCv)
  11 cyclopes
  12 vault sentinels
  An elephant (Lair:4)
  10 merfolk sirens
  6 water nymphs
  11 smoke demons (Pan)
  The ghost of gmonis the Basher, a novice MiBe of Trog (D:4)
  19 naga magi
  7 centaur skeletons
  A torpor snail (shapeshifter) (Vaults:5)
  5 spiny frogs
  3 gargoyles
  Psyche (D:9)
  10 guardian serpents
  A rime drake (Lair:2)
  5 hellions (Pan)
  5 orange demons (Pan)
  A kobold demonologist (D:12)
  62 yaktaurs
  4 human zombies
  5 komodo dragons
  6 freezing wraiths
  2 ice devils (D:11)
  A demonic crawler (Pan)
  2 guardian mummies (D:10)
  A yaktaur (shapeshifter) (Elf:2)
  3 hellwings (Pan)
  20 merfolk
  4 tormentors (Pan)
  4 red devils (Pan)
  3 tengu conjurers (Depths:2)
  11 trolls
  A meliai (D:15)
  7 hornets
  15 polar bears
  7 wind drakes
  23 slime creatures
  A blink frog (shapeshifter) (Elf:3)
  11 snapping turtles
  10 hippogriffs
  5 dream sheep
  A snapping turtle (shapeshifter) (Depths:2)
  A fire giant simulacrum (Vaults:2)
  4 shadows
  An ettin skeleton (Vaults:3)
  A centaur simulacrum (D:15)
  2 wraiths
  3 redbacks
  An air elemental (Elf:2)
  4 wyverns
  Sigmund (D:5)
  A spriggan (shapeshifter) (Vaults:4)
  21 water elementals
  3 tarantellas
  6 ynoxinuls (Pan)
  A hog (shapeshifter) (Vaults:1)
  32 yaks
  A vampire (D:14)
  4 fire elementals
  3 humans
  4 basilisks
  3 hungry ghosts
  A basilisk (shapeshifter) (D:14)
  3 hogs
  8 vampire mosquitoes
  3 neqoxecs (Pan)
  2 chaos spawn (Pan)
  4 acid dragons
  3 wargs
  64 nagas
  16 soldier ants
  2 water moccasins (shapeshifter)
  12 porcupines
  A porcupine (shapeshifter) (Vaults:5)
  9 water moccasins
  An elf zombie (Vaults:3)
  An ice beast (shapeshifter) (Depths:2)
  A sky beast (D:8)
  2 slaves (D:7)
  3 eyes of draining
  63 orc warriors
  A black bear (shapeshifter) (D:15)
  2 black bears
  4 necrophages
  A boggart (shapeshifter) (Vaults:5)
  2 phantoms (D:5)
  33 ogres
  2 ice beasts
  9 boggarts
  14 centaurs
  25 wolves
  A crocodile (shapeshifter) (Elf:2)
  6 crocodiles
  2 big kobolds (D:12)
  15 bullfrogs
  2 earth elementals (Elf:2)
  3 wyvern skeletons
  A scorpion (shapeshifter) (Vaults:1)
  Dowan (D:7)
  5 scorpions
  3 human simulacra
  13 killer bees
  An electric eel (Lair:5)
  5 howler monkeys
  5 crimson imps
  A bullfrog zombie (D:10)
  5 centaur zombies
  A quasit (D:10)
  8 jellies
  27 orc priests
  2 hounds
  An iron imp (Depths:1)
  3 bullfrog skeletons
  3 iguanas
  38 worker ants
  29 orc wizards
  A hound skeleton (D:9)
  A mummy (D:9)
  A howler monkey zombie (D:7)
  A worker ant zombie (D:9)
  8 gnolls
  A howler monkey skeleton (D:5)
  14 adders
  2 shadow imps
  2 oozes
  An adder zombie (D:9)
  An adder skeleton (D:4)
  3 worms
  2 dart slugs
  2 leopard geckos
  108 orcs
  3 ball pythons
  3 giant cockroaches
  8 goblins
  6 hobgoblins
  14 jackals
  4 quokkas
  7 bats
  7 frilled lizards
  10 kobolds
  A leopard gecko skeleton (D:3)
  11 rats
  3 fungi
  169 plants
2227 creatures vanquished.

Vanquished Creatures (collateral kills)
  An angel (Elf:2)
1 creature vanquished.

Vanquished Creatures (others)
  A vault warden (Vaults:5)
  4 stone giants
  A merfolk javelineer (Shoals:4)
  A blizzard demon (Pan)
  A yaktaur captain (Vaults:1)
  A shock serpent (Snake:1)
  An orc knight (Depths:1)
  A slave (D:10)
  3 humans (Snake:4)
  Duvessa (D:7)
  A bush (Lair:4)
  7 fungi
  19 plants
42 creatures vanquished.

Grand Total: 2270 creatures vanquished

Notes
Turn   | Place    | Note
-------+----------+-------------------------------------------
     0 | D:1      | emperorscorpion the Deep Elf Earth Elementalist began the quest for the Orb.
     0 | D:1      | Reached XP level 1. HP: 10/10 MP: 6/6
   108 | D:1      | Reached XP level 2. HP: 15/15 MP: 6/8
   904 | D:1      | Reached XP level 3. HP: 19/19 MP: 8/10
  1097 | D:1      | Learned a level 3 spell: Stone Arrow
  2205 | D:3      | Found a faded altar of an unknown god.
  2215 | D:3      | Reached XP level 4. HP: 16/24 MP: 0/11
  2404 | D:3      | Learned a level 2 spell: Passwall
  2465 | D:3      | Found a blossoming altar of Fedhas.
  2509 | D:3      | Reached skill level 4 in Spellcasting
  2629 | D:3      | Found a bloodstained altar of Trog.
  2881 | D:3      | Reached skill level 1 in Long Blades
  3113 | D:3      | Reached XP level 5. HP: 28/28 MP: 13/13
  3210 | D:4      | Noticed an ogre
  3218 | D:4      | Killed an ogre
  3218 | D:4      | Reached skill level 1 in Conjurations
  3368 | D:4      | Learned a level 5 spell: Lee's Rapid Deconstruction
  3393 | D:4      | Noticed an ogre
  3419 | D:4      | Killed an ogre
  3419 | D:4      | Reached skill level 1 in Fighting
  3419 | D:4      | Reached skill level 5 in Spellcasting
  3419 | D:4      | Reached XP level 6. HP: 31/34 MP: 8/15
  3591 | D:4      | Reached skill level 1 in Short Blades
  3933 | D:4      | Reached XP level 7. HP: 38/38 MP: 10/17
  4029 | D:4      | Found a snail-covered altar of Cheibriados.
  4030 | D:4      | Found a shattered altar of Ashenzari.
  4034 | D:4      | Found an iron altar of Okawaru.
  4043 | D:4      | Became a worshipper of Ashenzari the Shackled
  4167 | D:4      | Reached skill level 6 in Spellcasting
  4167 | D:4      | Reached skill level 5 in Earth Magic
  4421 | D:4      | Found a runed door.
  4423 | D:4      | Noticed gmonis's ghost (novice MiBe)
  4428 | D:4      | Reached skill level 5 in Stealth
  4435 | D:5      | Entered Level 5 of the Dungeon
  4789 | D:5      | Found a sacrificial altar of Ru.
  5051 | D:5      | Reached skill level 7 in Spellcasting
  5106 | D:5      | Noticed Sigmund
  5110 | D:5      | Killed Sigmund
  5110 | D:5      | Reached XP level 8. HP: 43/43 MP: 11/21
  5234 | D:5      | Reached skill level 1 in Shields
  5394 | D:5      | Reached skill level 8 in Spellcasting
  5756 | D:5      | Learned a level 1 spell: Animate Skeleton
  6096 | D:6      | Reached * piety under Ashenzari
  6183 | D:6      | Found a glowing golden altar of the Shining One.
  6350 | D:6      | Reached skill level 9 in Spellcasting
  6365 | D:6      | Reached XP level 9. HP: 29/48 MP: 8/24
  7005 | D:6      | Found a shimmering altar of Xom.
  7139 | D:6      | Found a hazy altar of Hepliaklqana.
  7488 | D:7      | Noticed Pikel
  7492 | D:7      | Killed Pikel
  7505 | D:7      | Found a staircase to the Ecumenical Temple.
  7674 | D:7      | Noticed Dowan
  7676 | D:7      | Killed Dowan
  7679 | D:7      | Noticed Duvessa
  7911 | D:7      | Reached skill level 10 in Spellcasting
  8022 | D:7      | Killed Duvessa
  8326 | D:4      | Killed gmonis's ghost
  9241 | D:8      | Found a bloodstained altar of Trog.
  9442 | D:8      | Reached ** piety under Ashenzari
  9515 | D:8      | Found a runed gate.
  9515 | D:8      | Noticed Gildeon's ghost (novice GnFi)
  9553 | D:8      | Found a hide-covered altar of Uskayaw.
  9658 | D:8      | Found a runed gate.
  9659 | D:8      | Found a runed gate.
  9688 | D:8      | Reached skill level 11 in Spellcasting
 10036 | D:8      | Found Kamighys's Weapon Shoppe.
 10548 | D:8      | Reached XP level 10. HP: 53/53 MP: 7/27
 10921 | D:8      | Found a roughly hewn altar of Beogh.
 11316 | D:9      | Found a basalt altar of Yredelemnul.
 11319 | D:9      | Found an ancient bone altar of Kikubaaqudgha.
 11323 | D:9      | Identified the ring "Xywioxaumn" {-Tele rC+ Int+7}
 11324 | D:9      | Noticed a skeletal warrior
 11325 | D:9      | Found a transporter.
 11330 | D:9      | Noticed a flayed ghost
 11339 | D:9      | Found a transporter.
 11758 | D:9      | Found Asor's Food Shoppe.
 11773 | D:9      | Found Celiw's Antique Weapon Shop.
 11885 | D:8      | Got the uncursed helmet of Conscience {MR- Slay+6}
 11891 | D:8      | Identified the -4 helmet of Conscience {MR- Slay+6} (You found it on level 8 of the Dungeon)
 12138 | D:9      | Found a radiant altar of Vehumet.
 12240 | D:9      | Found Tusad's Weapon Shop.
 12523 | D:9      | Found Ugugat's Book Boutique.
 12598 | D:9      | Noticed Psyche
 12602 | D:9      | Killed Psyche
 12602 | D:9      | Reached skill level 12 in Spellcasting
 12858 | D:9      | Killed a skeletal warrior
 12861 | D:9      | Killed a flayed ghost
 12861 | D:9      | Reached skill level 13 in Spellcasting
 13062 | D:10     | Entered Level 10 of the Dungeon
 13062 | D:10     | Noticed a two-headed ogre
 13067 | D:10     | Killed a two-headed ogre
 13067 | D:10     | Reached skill level 10 in Earth Magic
 13453 | D:10     | Reached XP level 11. HP: 57/57 MP: 5/30
 13628 | D:10     | Reached *** piety under Ashenzari
 14025 | D:10     | Noticed an unseen horror
 14051 | D:10     | Killed an unseen horror
 14090 | D:10     | Found a hazy altar of Hepliaklqana.
 14157 | D:10     | Reached skill level 14 in Spellcasting
 14720 | D:10     | Noticed Urug
 14746 | D:10     | Killed Urug
 15014 | D:10     | Found a portal to a secret trove of treasure.
 15570 | D:11     | Found a frozen archway.
 15699 | IceCv    | Entered an ice cave
 15705 | IceCv    | Reached skill level 15 in Spellcasting
 16229 | IceCv    | Reached XP level 12. HP: 64/64 MP: 4/33
 16626 | IceCv    | Reached skill level 16 in Spellcasting
 17302 | IceCv    | Noticed a frost giant
 17309 | IceCv    | Killed a frost giant
 17309 | IceCv    | Reached skill level 1 in Evocations
 17733 | D:11     | Reached **** piety under Ashenzari
 17735 | D:11     | Found a staircase to the Lair.
 18168 | D:12     | Reached skill level 17 in Spellcasting
 19466 | D:12     | Found a staircase to the Orcish Mines.
 20804 | D:13     | Reached skill level 5 in Dodging
 21009 | D:14     | Noticed a two-headed ogre
 21011 | D:14     | Killed a two-headed ogre
 21106 | D:14     | Reached XP level 13. HP: 68/68 MP: 30/36
 21163 | D:14     | Reached skill level 18 in Spellcasting
 21512 | D:14     | Noticed an ettin
 21515 | D:14     | Killed an ettin
 21680 | D:14     | Reached ***** piety under Ashenzari
 22581 | D:14     | Found a gate to the Vaults.
 22729 | D:15     | Entered Level 15 of the Dungeon
 23042 | D:15     | Reached skill level 15 in Earth Magic
 23053 | D:15     | Reached skill level 19 in Spellcasting
 23409 | D:15     | Found a shimmering altar of Xom.
 23410 | D:15     | Found a sacrificial altar of Ru.
 23410 | D:15     | Found a glowing silver altar of Zin.
 23913 | D:15     | Noticed Nessos
 23922 | D:15     | Killed Nessos
 23922 | D:15     | Reached XP level 14. HP: 22/72 MP: 1/39
 25137 | D:15     | Reached skill level 20 in Spellcasting
 25431 | D:15     | Noticed a vampire knight
 25622 | D:15     | Noticed a cyan very ugly thing
 25637 | D:15     | Killed a cyan very ugly thing
 25711 | D:15     | Learned a level 2 spell: Blink
 26247 | D:15     | Noticed a purple very ugly thing
 26258 | D:15     | Killed a purple very ugly thing
 26684 | D:15     | Noticed a war gargoyle
 26686 | D:15     | Killed a war gargoyle
 26734 | D:15     | Identified the +10 great mace of Cocytus {freeze, Dex+7} (You took it off an ogre mage on level 15 of the Dungeon)
 26835 | D:15     | Noticed a sphinx
 26844 | D:15     | Killed a sphinx
 26927 | D:15     | Reached skill level 21 in Spellcasting
 27048 | D:15     | Identified the Guide on Shifting Orientation
 27244 | D:15     | Noticed an entropy weaver
 27244 | D:15     | an ice dragon changed into an entropy weaver
 27445 | D:15     | Killed a vampire knight
 27872 | D:15     | Found a staircase to the Depths.
 28178 | D:9      | Bought a book of the Earth for 910 gold pieces
 28185 | D:9      | Learned a level 6 spell: Iron Shot
 28269 | Orc:1    | Entered Level 1 of the Orcish Mines
 28641 | Orc:1    | Noticed a stone giant
 28642 | Orc:1    | Noticed a stone giant
 28778 | Lair:1   | Entered Level 1 of the Lair of Beasts
 29581 | Lair:2   | Reached XP level 15. HP: 76/76 MP: 3/42
 29735 | Lair:2   | Found a staircase to the Snake Pit.
 30171 | Lair:2   | Noticed Nergalle
 30177 | Lair:2   | Killed Nergalle
 30600 | Lair:2   | Noticed Fannar
 30608 | Lair:2   | Killed Fannar
 31597 | Lair:3   | Found a runed gate.
 31836 | Lair:3   | Reached skill level 22 in Spellcasting
 32020 | Lair:3   | Found a runed gate.
 32021 | Lair:3   | Found a runed gate.
 32033 | Lair:3   | Noticed Ovyrhiod's ghost (journeyman DDFi)
 32034 | Lair:3   | Found a viscous altar of Jiyva.
 32731 | Lair:3   | Identified the Grimoire of the Hierophant
 32952 | Lair:3   | Killed Ovyrhiod's ghost
 33358 | Lair:4   | Found a staircase to the Shoals.
 34661 | Lair:4   | Noticed Sonja
 34669 | Lair:4   | Killed Sonja
 35099 | Lair:5   | Reached ****** piety under Ashenzari
 35479 | Orc:2    | Entered Level 2 of the Orcish Mines
 35569 | Orc:2    | Paralysed by an orc sorcerer for 6 turns
 35953 | Orc:2    | Found a staircase to the Elven Halls.
 36050 | Orc:2    | Noticed an orc warlord
 36061 | Orc:2    | Killed an orc warlord
 37243 | Orc:2    | Found Iryawk's Distillery.
 37383 | Orc:2    | Noticed an orc warlord
 37392 | Orc:2    | Killed an orc warlord
 37392 | Orc:2    | Reached skill level 23 in Spellcasting
 37556 | Orc:2    | Learned a level 9 spell: Shatter
 38088 | Orc:2    | Found Joaff's General Store.
 38089 | Orc:2    | Found Ugemiluff's Jewellery Boutique.
 38090 | Orc:2    | Found Tiaraemi's Antique Armour Shop.
 38090 | Orc:2    | Found Deebal's Antique Weapon Shop.
 38104 | Orc:2    | Bought a scroll of teleportation for 42 gold pieces
 38316 | Orc:2    | Bought a potion of heal wounds for 90 gold pieces
 38316 | Orc:2    | Bought a potion of heal wounds for 90 gold pieces
 38316 | Orc:2    | Bought a potion of cancellation for 144 gold pieces
 38316 | Orc:2    | Bought a potion of curing for 54 gold pieces
 38316 | Orc:2    | Bought 2 potions of haste for 360 gold pieces
 38370 | Orc:2    | Bought the amulet "Abutwuca" {Reflect MR++ SH+3} for 435 gold pieces
 38967 | Orc:1    | Reached XP level 16. HP: 82/82 MP: 35/45
 39153 | Elf:1    | Entered Level 1 of the Elven Halls
 40993 | Elf:2    | Reached skill level 24 in Spellcasting
 41724 | Elf:2    | Found a glowing silver altar of Zin.
 41724 | Elf:2    | Found a white marble altar of Elyvilon.
 41732 | Elf:2    | Found a glowing golden altar of the Shining One.
 42343 | Elf:2    | Reached XP level 17. HP: 86/86 MP: 41/47
 42439 | Elf:2    | Found a huge runed gate.
 42439 | Elf:2    | Found a huge runed gate.
 42439 | Elf:2    | Found a huge runed gate.
 42439 | Elf:2    | Found a huge runed gate.
 42441 | Elf:2    | Found a huge runed gate.
 42511 | Elf:2    | Found a radiant altar of Vehumet.
 42580 | Elf:2    | Found Tepsi's Distillery.
 42621 | Elf:2    | Found a deep blue altar of Sif Muna.
 42778 | Elf:3    | Entered Level 3 of the Elven Halls
 42954 | Elf:3    | Gained mutation: Potions are less effective at restoring your health. [potion of mutation]
 42954 | Elf:3    | Gained mutation: You expend magic power (3 MP) to strengthen your wands. [potion of mutation]
 42955 | Elf:3    | Lost mutation: Potions are less effective at restoring your health. [potion of mutation]
 42955 | Elf:3    | Lost mutation: You expend magic power (3 MP) to strengthen your wands. [potion of mutation]
 42955 | Elf:3    | Gained mutation: Your body sometimes deteriorates upon taking damage. [potion of mutation]
 42955 | Elf:3    | Gained mutation: You have supernaturally acute eyesight. (SInv) [potion of mutation]
 42955 | Elf:3    | Gained mutation: Your muscles are strong. (Str +2) [potion of mutation]
 42956 | Elf:3    | Lost mutation: Your body sometimes deteriorates upon taking damage. [potion of mutation]
 42956 | Elf:3    | Lost mutation: Your muscles are strong. (Str +2) [potion of mutation]
 42956 | Elf:3    | Lost mutation: You have supernaturally acute eyesight. (SInv) [potion of mutation]
 42956 | Elf:3    | Gained mutation: Your magical capacity is low. (-10% MP) [potion of mutation]
 42956 | Elf:3    | Gained mutation: You are resistant to electric shocks. (rElec) [potion of mutation]
 42956 | Elf:3    | Gained mutation: You have a pair of small horns on your head. [potion of mutation]
 43358 | Elf:3    | Reached skill level 25 in Spellcasting
 44237 | Elf:3    | Found Xiocigav's Armour Boutique.
 44520 | Elf:3    | Identified the +6 flail of Guile {freeze, rF- rN++} (You took it off a deep elf mage on level 3 of the Elven Halls)
 44613 | Elf:3    | Noticed a deep elf master archer
 44619 | Elf:3    | Identified the +4 scimitar "Tublaros" {slice, Str+4} (You took it off a deep elf annihilator on level 3 of the Elven Halls)
 44619 | Elf:3    | Killed a deep elf master archer
 44709 | Elf:3    | Identified the +7 morningstar of Zaecseot {elec, +Rage rPois MP-9 Int+7} (You took it off a deep elf annihilator on level 3 of the Elven Halls)
 45072 | Elf:3    | Noticed a deep elf master archer
 45076 | Elf:3    | Killed a deep elf master archer
 45167 | Elf:3    | Noticed a deep elf blademaster
 45173 | Elf:3    | Killed a deep elf blademaster
 45354 | Elf:3    | Identified the +0 pair of boots of Xathilyl {Str+5 Stlth+}
 45381 | Elf:3    | Identified the Papyrus of Fire and Cold
 45423 | Elf:3    | Bought the +4 robe of Augmentation {Str+4 Int+4 Dex+4} for 952 gold pieces
 45423 | Elf:3    | Found the +4 robe of Augmentation {Str+4 Int+4 Dex+4}
 45470 | Elf:3    | Reached skill level 5 in Conjurations
 45686 | Elf:3    | Noticed a deep elf blademaster
 45688 | Elf:3    | Killed a deep elf blademaster
 45834 | Elf:3    | Identified the Almanac of Ignition
 45836 | Elf:3    | Identified the Compendium of Sinister Enchantment
 45965 | Elf:2    | Identified the +1 robe "Safyps" {Str+2} (You took it off a deep elf knight on level 2 of the Elven Halls)
 46143 | Snake:1  | Entered Level 1 of the Snake Pit
 46306 | Shoals:1 | Entered Level 1 of the Shoals
 46308 | Shoals:1 | Reached skill level 26 in Spellcasting
 46327 | Lair:4   | Upgraded the game from 0.22-a0-533-g4d20840 to 0.22-a0-538-g76cc104
 46802 | Shoals:1 | Learned a level 2 spell: Sublimation of Blood
 47017 | Shoals:1 | Reached XP level 18. HP: 91/91 MP: 26/45
 47466 | Shoals:1 | Noticed Nikola
 47471 | Shoals:1 | Killed Nikola
 48494 | Shoals:2 | Identified a scroll of acquirement
 49283 | Shoals:3 | Noticed Donald
 49285 | Shoals:3 | Killed Donald
 49316 | Shoals:3 | Reached skill level 1 in Necromancy
 50038 | Shoals:3 | Noticed Roxanne
 50039 | Shoals:3 | Killed Roxanne
 50280 | Shoals:3 | Identified the +1 robe "Safyps" {Str+2} (You took it off a deep elf knight on level 2 of the Elven Halls)
 50547 | Shoals:4 | Entered Level 4 of the Shoals
 50547 | Shoals:4 | Identified the ring "Wumikk Seha" {rC++ Int-5 Dex+3}
 50722 | Shoals:4 | Reached skill level 27 in Spellcasting
 51058 | Shoals:4 | Noticed Ilsuiw
 51061 | Shoals:4 | Killed Ilsuiw
 51272 | Shoals:4 | Identified the +0 ring mail of the Garden {rElec rN+} (You took it off a merfolk on level 4 of the Shoals)
 51620 | Shoals:4 | Got a barnacled rune of Zot
 52070 | Shoals:4 | Reached XP level 19. HP: 95/95 MP: 37/47
 52424 | Shoals:4 | Noticed Polyphemus
 52434 | Shoals:4 | Killed Polyphemus
 53010 | Snake:1  | Noticed Aizul
 53013 | Snake:1  | Killed Aizul
 53583 | Snake:1  | Noticed Vovvidgh's ghost (adept MiBe)
 53586 | Snake:1  | Found a runed door.
 53616 | Snake:1  | Killed Vovvidgh's ghost
 54180 | Snake:1  | Lost mutation: You have a pair of small horns on your head. [potion of mutation]
 54180 | Snake:1  | Lost mutation: Your magical capacity is low. (-10% MP) [potion of mutation]
 54180 | Snake:1  | Gained mutation: You are frail. (-10% HP) [potion of mutation]
 54180 | Snake:1  | Gained mutation: Your natural rate of healing is unusually fast. [potion of mutation]
 55123 | Snake:2  | Found a basalt altar of Yredelemnul.
 56190 | Snake:3  | Noticed Vashnia
 56192 | Snake:3  | Reached skill level 5 in Shields
 56193 | Snake:3  | Killed Vashnia
 57609 | Snake:4  | Entered Level 4 of the Snake Pit
 57621 | Snake:4  | Noticed Mara
 57623 | Snake:4  | Killed Mara
 57655 | Snake:4  | Reached XP level 20. HP: 72/90 MP: 0/53
 57957 | Snake:4  | Noticed Bai Suzhen
 57961 | Snake:4  | Killed Bai Suzhen
 57961 | Snake:4  | Noticed Saint Roka
 57975 | Snake:4  | Killed Saint Roka
 58047 | Snake:4  | Noticed Kirke
 58049 | Snake:4  | Killed Kirke
 58234 | Snake:4  | Reached skill level 5 in Necromancy
 59027 | Snake:4  | Reached skill level 1 in Staves
 59432 | Snake:4  | Got a serpentine rune of Zot
 60390 | Vaults:1 | Entered Level 1 of the Vaults
 61445 | Vaults:1 | Found Tarusary's Book Shop.
 61601 | Vaults:1 | Reached XP level 21. HP: 67/94 MP: 26/54
 61648 | Vaults:1 | Reached skill level 10 in Shields
 62434 | Vaults:2 | Found Foghei's Armour Shop.
 62752 | Vaults:2 | Found Nigemnasm's Armour Shop.
 62755 | Vaults:2 | Noticed Boris
 62759 | Vaults:2 | Killed Boris
 63480 | Vaults:2 | Noticed Jorgrun
 63482 | Vaults:2 | Killed Jorgrun
 63487 | Vaults:2 | Reached skill level 5 in Staves
 63487 | Vaults:2 | Noticed Asterion
 63497 | Vaults:2 | Killed Asterion
 63641 | Vaults:2 | Found Ragiuhue's Weapon Boutique.
 63641 | Vaults:2 | Found Odiumum's Weapon Boutique.
 64081 | Vaults:2 | Found Umaa's Magic Scroll Shoppe.
 64088 | Vaults:2 | Bought a scroll of noise for 14 gold pieces
 65434 | Vaults:4 | Reached skill level 10 in Necromancy
 65594 | Vaults:4 | Reached skill level 10 in Dodging
 65594 | Vaults:4 | Reached XP level 22. HP: 100/100 MP: 28/55
 65721 | Vaults:5 | Entered Level 5 of the Vaults
 65741 | Vaults:5 | Reached skill level 5 in Evocations
 65741 | Vaults:5 | Noticed an ancient lich
 66012 | Vaults:5 | Noticed a golden dragon
 66027 | Vaults:5 | Noticed an ancient lich
 66039 | Vaults:5 | Killed an ancient lich
 66131 | Vaults:5 | HP: 4/101 [yaktaur captain/bolt (45)]
 66255 | Vaults:5 | Reached skill level 10 in Conjurations
 66571 | Vaults:5 | Noticed a golden dragon
 66728 | Vaults:5 | Found Zybakhluif's Gadget Shoppe.
 66731 | Vaults:5 | Found Kirif's Antique Weapon Boutique.
 66836 | Vaults:5 | Killed an ancient lich
 66836 | Vaults:5 | Reached XP level 23. HP: 93/106 MP: 39/56
 67128 | Vaults:5 | Found Sejo's Gadget Shop.
 67170 | Vaults:5 | Got a silver rune of Zot
 67171 | Vaults:5 | Found Aguc's Book Emporium.
 67856 | Vaults:5 | Bought a book of Battle for 720 gold pieces
 67860 | Vaults:5 | Learned a level 3 spell: Regeneration
 69136 | Depths:1 | Entered Level 1 of the Depths
 69431 | Depths:1 | Reached skill level 1 in Armour
 69487 | Depths:1 | Reached skill level 1 in Charms
 69937 | Depths:1 | Found a gateway to Hell.
 70091 | Depths:1 | Identified the Disquisition on the Nocuous Mountains
 70300 | Depths:1 | Found a hide-covered altar of Uskayaw.
 70703 | Depths:2 | Reached skill level 15 in Necromancy
 70862 | Depths:2 | Reached XP level 24. HP: 55/110 MP: 12/56
 70998 | Depths:2 | Noticed a juggernaut
 71000 | Depths:2 | Killed a juggernaut
 71215 | Depths:2 | Reached skill level 5 in Charms
 71253 | Depths:2 | Noticed a juggernaut
 71257 | Depths:2 | Killed a juggernaut
 71825 | Depths:2 | Found a runed door.
 71934 | Depths:2 | Identified the +0 cloak of Hairiness {-Tele Dex+5}
 71937 | Depths:2 | Found the +7 sceptre of Torment
 71948 | Depths:2 | Identified the Papyrus of Aerial Battle Magic
 71961 | Depths:2 | Identified the cursed +1 chain mail of the Vacuum {rElec}
 72584 | Depths:2 | Identified the +1 cloak "Cana" {Str+7}
 72590 | Depths:2 | Identified Sophisticated Secret Knowledge
 72938 | Depths:2 | Found a runed door.
 72942 | Depths:2 | Found a runed door.
 72942 | Depths:2 | Found a runed door.
 72947 | Depths:2 | Reached skill level 5 in Transmutations
 73473 | Depths:2 | Identified the amulet "Usugah" {Inacc rPois}
 73592 | Depths:2 | Learned a level 8 spell: Necromutation
 74030 | Depths:3 | Reached skill level 5 in Armour
 74054 | Depths:3 | Found a one-way gate leading to the halls of Pandemonium.
 74063 | Depths:3 | Noticed Louise
 74068 | Depths:3 | Killed Louise
 74147 | Pan      | Entered Pandemonium
 74147 | Pan      | Noticed Juviwkan the pandemonium lord
 74152 | Pan      | Killed Juviwkan the pandemonium lord
 74283 | Pan      | Noticed Bowkec the pandemonium lord
 74452 | Pan      | Reached XP level 25. HP: 115/115 MP: 12/56
 74505 | Pan      | Reached skill level 1 in Translocations
 74649 | Pan      | Killed Bowkec the pandemonium lord
 74888 | Pan      | Reached skill level 5 in Fighting
 75083 | Pan      | Gained mutation: You are very frail. (-20% HP) [a cacodemon]
 75133 | Pan      | Noticed Feunisau the pandemonium lord
 75185 | Pan      | HP: 3/102 [Feunisau the pandemonium lord/living lightning (13)]
 75187 | Pan      | Killed from afar by a smoke demon

Vault maps used:
D:1:      dpeg_arrival_rooms_c
D:3:      bloody_trog, fedhas_altar_2, chequers_ecumenical_altar_island
D:4:      minitemple, first_ration, ebering_ghost_inner_flame
D:5:      lemuel_crystal_altar, uniq_sigmund
D:6:      overflow_temple_1_default, marbit_many_paths, old_standard_altar
D:7:      minmay_temple_entry_mist, uniq_duvessa, uniq_pikel
D:8:      old_standard_altar, serial_shops, nicolae_shop_waterfront,
          biasface_ghost_orc_armoury, trog_hazing_becter
D:9:      vehumet_altar_wand_db, gammafunk_temple_of_torment, serial_shops,
          shop, shop, kennysheep_mini,
          nicolae_shop_temple_entry_statues_fountains, uniq_psyche
D:10:     nicolae_trove_entry_path_of_doom, basic_altar, grunt_livestock,
          uniq_urug
D:11:     david_lair_shrubbed, portal_ice_cave_demonic_guard, abandoned_shop
D:12:     orc_0_dummy
D:14:     david_vaults_4, minmay_holes, lightli_minifort
D:15:     hangedman_slaughterboxes, uniq_nessos
Lair:2:   minmay_snake_entry_guardpost_small, zaba_anthell, lemuel_fruit_tree,
          uniq_fannar, uniq_nergalle
Lair:3:   gammafunk_ghost_ooze, grunt_megastairs_5
Lair:4:   minmay_shoals_entry_centaurs, minmay_hedge_maze, nzn_random_ring,
          uniq_sonja
Lair:5:   serial_bayou, serial_bayou_lake_a, serial_bayou_shore_b,
          serial_bayou_pond_a, serial_bayou_ford_a
Shoals:1: uniq_nikola
Shoals:3: uniq_roxanne, uniq_donald
Shoals:4: shoals_end_grunt_ice, shoals_ilsuiw_ice, uniq_polyphemus
Snake:1:  ebering_ghost_inner_flame, uniq_aizul
Snake:2:  basic_altar
Snake:3:  uniq_vashnia
Snake:4:  johnstein_snake_rune_scales, uniq_kirke, uniq_mara, uniq_saint_roka,
          uniq_bai_suzhen
Orc:2:    st_orc_congregation, serial_shops, shop, nicolae_orc_tapped_out
Elf:1:    minmay_elf_arrival_circle, minmay_elf_crystal_heptagon
Elf:2:    serial_shops, shop, portal_desolation_entry_holy_temple, basic_altar,
          minivault_16, lemuel_blue_sif_altar
Elf:3:    elf_hall_gauntlet_wide, serial_shops, nicolae_shop_crystal
Vaults:1: vaults_room_ringed_pool, nicolae_vaults_octagons,
          nicolae_vaults_border_crossing, hangedman_vaults_trim, v_misc_26,
          v_misc_30, v_misc_13, dpeg_vaults_monster_row,
          ontoclasm_vaults_shuriken, vaults_dpeg_diagonal,
          nicolae_vaults_little_squares_2, ontoclasm_vaults_ligature,
          serial_shops, nicolae_shop_window_shopping
Vaults:2: vaults_dpeg_doors, v_misc_8, vaults_standard_mumra_x,
          nicolae_vaults_fighting_squares, hangedman_vaults_maws,
          vaults_mumra_minichess_inversion, serial_shops, shop, shop_statue,
          nicolae_shop_crystal, shop, shop, uniq_asterion, uniq_jorgrun,
          uniq_boris
Vaults:3: vaults_room_stairs_pillars, hangedman_vaults_river_flow,
          v_alt_pattern_6, ontoclasm_vaults_eye, v_misc_14,
          minmay_crypt_entry_necro_gods, v_misc_19,
          nicolae_vaults_hallways_thing, nicolae_vaults_network_square,
          vaults_room_hangedman_quadrants, vaults_room_door_ring,
          nicolae_vaults_gold_heap, v_misc_17, v_misc_5,
          hangedman_vaults_stagger, serial_shops, shop
Vaults:4: v_misc_27, v_misc_17, v_rooms_4, v_misc_29,
          ontoclasm_vaults_ring_square, nicolae_vaults_theta,
          hangedman_vaults_hat, nicolae_vaults_little_ls, st_lines,
          vaults_room_door_ring, vaults_room_door_ring, grunt_vaults_funnel,
          ontoclasm_vaults_decontamination, vaults_room_semicircle,
          vaults_room_fours, nicolae_vaults_little_squares_2,
          ontoclasm_vaults_pinch, serial_shops, shop
Depths:1: lemuel_crystal_altar, grunt_hell_entry_dis_grunt, minmay_orc_keep,
          kennysheep_random_hallway, serial_bayou_shore_a
Depths:2: minmay_the_grid_ultimate, hell_entry, serial_shops
Depths:3: kennysheep_bubbly, enter_ziggurat_b, pan_entry, hell_entry,
          nicolae_abyss_entry_one_way_or_another, minmay_door_square,
          infiniplex_staircase_pool_1
Pan:      grunt_pan_spiral, grunt_pan_frozen_over, pan_blood_fountain,
          nicolae_pan_diamonds, pan_blood_fountain, nicolae_pan_diamonds,
          pan_blood_fountain_small
IceCv:    ice_cave_small_giant

Skill      XL: |  1  2  3  4  5  6  7  8  9 10 11 12 13 14 15 16 17 18 19 20 21 22 23 24 25 |
---------------+----------------------------------------------------------------------------+-----
Earth Magic    | 4 5 7 8 10 12 14 15 17 18 19 21 22 24 | 24.7
Spellcasting   | 4 5 7 9 11 13 15 17 19 21 23 24 26 27 | 27.0
Long Blades    | 1 |  1.1
Dodging        | 3 4 5 6 8 10 11 12 | 12.5
Stealth        | 3 4 5 6 7 |  7.7
Conjurations   | 1 2 3 4 5 6 7 10 13 14 | 14.3
Fighting       | 1 2 3 4 5 |  5.0
Short Blades   | 1 2 3 4 |  4.6
Shields        | 2 4 6 9 11 12 | 12.3
Evocations     | 1 2 3 4 6 |  6.9
Necromancy     | 2 4 7 10 13 16 19 | 19.9
Staves         | 3 6 |  6.6
Armour         | 3 5 6 |  6.6
Charms         | 4 7 8 |  8.3
Transmutations | 3 6 7 |  7.3
Translocations | 1 |  1.8

Action                   |  1- 3 |  4- 6 |  7- 9 | 10-12 | 13-15 | 16-18 | 19-21 | 22-24 | 25-27 || total
-------------------------+-------+-------+-------+-------+-------+-------+-------+-------+-------++-------
Melee: Short sword       |    38 |       |       |       |       |       |       |       |       ||    38
       Long sword        |    12 |    46 |       |       |       |       |       |       |       ||    58
       Dagger            |       |    14 |   101 |   127 |   276 |    14 |       |       |       ||   532
       Staff             |       |       |       |       |       |    21 |    89 |    54 |    62 ||   226
       Headbutt          |       |       |       |       |       |     9 |     2 |       |       ||    11
Throw: Stone             |       |       |     2 |     8 |     9 |     5 |     2 |       |       ||    26
 Cast: Sandblast         |    25 |     8 |    52 |    18 |   134 |    19 |     1 |       |     4 ||   261
       Stone Arrow       |    13 |    25 |    24 |    66 |    62 |    40 |     8 |       |       ||   238
       Lee's Rapid Decon |       |       |    44 |   192 |   425 |   122 |       |       |       ||   783
       Blink             |       |       |       |       |     6 |     5 |       |     3 |     4 ||    18
       Iron Shot         |       |       |       |       |    21 |    30 |    19 |   113 |     6 ||   189
       Shatter           |       |       |       |       |     3 |   152 |   312 |   230 |    31 ||   728
       Sublimation of Bl |       |       |       |       |       |    21 |    47 |    61 |     9 ||   138
       Regeneration      |       |       |       |       |       |       |       |    35 |     6 ||    41
       Necromutation     |       |       |       |       |       |       |       |     7 |     3 ||    10
Invok: Curse Item        |       |       |     2 |     2 |     3 |     4 |     1 |       |       ||    12
 Abil: End Transformatio |       |       |       |       |       |       |       |     2 |     3 ||     5
Evoke: Wand              |       |       |     1 |    16 |    28 |    24 |    14 |     8 |       ||    91
       Phial of floods   |       |       |       |       |       |     1 |       |     1 |       ||     2
       Lightning rod     |       |       |       |       |       |       |     3 |       |       ||     3
       Lamp of fire      |       |       |       |       |       |       |       |     1 |       ||     1
  Use: Scroll            |       |     1 |    12 |     6 |     5 |     6 |     7 |    12 |     3 ||    52
       Potion            |       |       |     1 |     5 |     4 |     3 |     4 |    10 |     1 ||    28
 Stab: Sleeping          |     4 |     6 |     7 |     1 |     4 |     1 |     1 |       |       ||    24
       Distracted        |       |       |       |       |       |       |     1 |       |     1 ||     2
  Eat: Chunk             |     5 |     7 |    18 |    21 |    41 |    36 |    21 |    15 |       ||   164
       Ration            |       |       |     3 |     4 |     4 |     6 |     7 |     4 |     1 ||    29
Armor: Robe              |    13 |    21 |    15 |    17 |    57 |    22 |    23 |    12 |    10 ||   190
       Skin              |       |       |       |       |     6 |       |       |       |       ||     6
Dodge: Dodged            |    59 |    45 |    60 |    87 |   211 |    63 |   102 |   112 |    34 ||   773
Block: Buckler           |       |       |    17 |    35 |    98 |    67 |     1 |       |       ||   218
       Reflection        |       |       |       |       |     3 |    20 |    32 |    22 |     2 ||    79
       Shield            |       |       |       |       |       |       |   118 |    98 |    73 ||   289
       Rpst.: Long sword |     6 |    10 |       |       |       |       |       |       |       ||    16

Table legend:
 A = Spawn XP
 B = Non-spawn XP
 C = Spawn XP percentage of total XP
 D = Spawn monster count
 E = Non-spawn monster count
 F = Spawn count percentage of total count
 G = Total turns spent on level
                    A         B        C        D         E        F      G
               +---------+---------+-------+---------+---------+-------+---------
         Total |    3399 | 1191522 |   0.3 |       9 |    2052 |   0.4 | 75187
               +---------+---------+-------+---------+---------+-------+---------
           D:1 |       0 |      41 |   0.0 |       0 |      25 |   0.0 |  1138
           D:2 |       0 |      37 |   0.0 |       0 |      11 |   0.0 |   932
           D:3 |       0 |     122 |   0.0 |       0 |      29 |   0.0 |  1126
           D:4 |       0 |    1300 |   0.0 |       0 |      20 |   0.0 |  1412
           D:5 |       0 |    1043 |   0.0 |       0 |      22 |   0.0 |  1655
           D:6 |       0 |     959 |   0.0 |       0 |      27 |   0.0 |  1503
           D:7 |       0 |    1374 |   0.0 |       0 |      18 |   0.0 |  1299
           D:8 |       0 |     942 |   0.0 |       0 |      25 |   0.0 |  2088
           D:9 |       0 |    3336 |   0.0 |       0 |      25 |   0.0 |  2126
          D:10 |       0 |    7365 |   0.0 |       0 |      49 |   0.0 |  2157
          D:11 |       0 |    3051 |   0.0 |       0 |      18 |   0.0 |  1767
          D:12 |       0 |    4908 |   0.0 |       0 |      34 |   0.0 |  1504
          D:13 |       0 |    2984 |   0.0 |       0 |      15 |   0.0 |  1281
          D:14 |       0 |   12509 |   0.0 |       0 |      33 |   0.0 |  2114
          D:15 |       0 |   48289 |   0.0 |       0 |      96 |   0.0 |  5799
        Lair:1 |       0 |    2497 |   0.0 |       0 |      20 |   0.0 |  1030
        Lair:2 |       0 |    9119 |   0.0 |       0 |      51 |   0.0 |  1593
        Lair:3 |       0 |   10017 |   0.0 |       0 |      38 |   0.0 |  2221
        Lair:4 |       0 |   11149 |   0.0 |       0 |      39 |   0.0 |  2331
        Lair:5 |       0 |    2038 |   0.0 |       0 |       7 |   0.0 |   220
      Shoals:1 |       0 |   19235 |   0.0 |       0 |      33 |   0.0 |  1487
      Shoals:2 |       0 |   11174 |   0.0 |       0 |      18 |   0.0 |  1441
      Shoals:3 |       0 |   22260 |   0.0 |       0 |      42 |   0.0 |  1462
      Shoals:4 |       0 |   52399 |   0.0 |       0 |      80 |   0.0 |  1657
       Snake:1 |       0 |    8605 |   0.0 |       0 |      16 |   0.0 |  1575
       Snake:2 |       0 |   28865 |   0.0 |       0 |      54 |   0.0 |  1584
       Snake:3 |       0 |   32272 |   0.0 |       0 |      42 |   0.0 |  2286
       Snake:4 |       0 |  101781 |   0.0 |       0 |     155 |   0.0 |  1851
         Orc:1 |       0 |    5754 |   0.0 |       0 |      32 |   0.0 |   668
         Orc:2 |       0 |   17932 |   0.0 |       0 |     122 |   0.0 |  3293
         Elf:1 |       0 |   33528 |   0.0 |       0 |      52 |   0.0 |  2259
         Elf:2 |       0 |   29359 |   0.0 |       0 |      46 |   0.0 |  1612
         Elf:3 |       0 |   57739 |   0.0 |       0 |      56 |   0.0 |  2976
      Vaults:1 |       0 |   53236 |   0.0 |       0 |      94 |   0.0 |  2048
      Vaults:2 |       0 |   53097 |   0.0 |       0 |      67 |   0.0 |  2165
      Vaults:3 |       0 |   20425 |   0.0 |       0 |      33 |   0.0 |   294
      Vaults:4 |       0 |   31398 |   0.0 |       0 |      41 |   0.0 |   801
      Vaults:5 |       0 |  185181 |   0.0 |       0 |     158 |   0.0 |  3009
      Depths:1 |       0 |   34244 |   0.0 |       0 |      42 |   0.0 |  1745
      Depths:2 |       0 |  166241 |   0.0 |       0 |     135 |   0.0 |  2547
      Depths:3 |       0 |   22040 |   0.0 |       0 |      24 |   0.0 |   320
           Pan |    3399 |   72025 |   4.5 |       9 |      72 |  11.1 |  1040
         IceCv |       0 |    9652 |   0.0 |       0 |      36 |   0.0 |  1771
               +---------+---------+-------+---------+---------+-------+---------
